 Dungeon Crawl Stone Soup version 0.29-a0-474-gdfe5cd140f (webtiles) character file.

Game seed: 10540346629426250060

107 Bruhh the Ogre Mage (level 4, -3/45 HPs)
             Began as an Ogre Transmuter on May 24, 2022.
             Killed from afar by Natasha (9 damage)
             ... with a puff of flame
             ... on level 2 of the Dungeon.
             The game lasted 00:02:22 (2378 turns).

Bruhh the Ogre Mage (Ogre Transmuter)               Turns: 2378, Time: 00:02:23

Health: -3/45      AC:  3    Str: 14    XL:     4   Next: 86%
Magic:  9/9        EV:  9    Int: 16    God:
Gold:   88         SH:  0    Dex:  9    Spells: 8/9 levels left

rFire   . . .      SeeInvis .     - Unarmed
rCold   . . .      Faith    .   (no shield)
rNeg    . . .      Spirit   .   a - +0 robe
rPois   .          Reflect  .   (helmet currently unavailable)
rElec   .          Harm     .   (no cloak)
rCorr   .          Rampage  .   (gloves unavailable)
Will    .....                   (boots unavailable)
Stlth   +.........              (no amulet)
HPRegen 0.15/turn               (no ring)
MPRegen 0.11/turn               (no ring)

@: appendages, slowed, very slow
A: horns 2, talons 2, large, unfitting armour, tough skin 1
a: End Transformation


You were on level 2 of the Dungeon.
You had temporarily grown beastly horns and talons.
You visited 1 branch of the dungeon, and saw 2 of its levels.

You collected 88 gold pieces.

Inventory:

Armour
 a - a +0 robe (worn)
Scrolls
 b - a scroll of blinking {unknown}
 c - 3 scrolls of identify {unknown}
 d - 2 scrolls of fear {unknown}
 g - a scroll of fog {unknown}
 h - a scroll of noise {unknown}
 i - 2 scrolls of brand weapon {unknown}


   Skills:
 + Level 3.1 Fighting
 - Level 1.7 Dodging
 + Level 3.3 Unarmed Combat
 + Level 3.4 Spellcasting
 + Level 2.6 Transmutations


You had 8 spell levels left.
You knew the following spells:

 Your Spells              Type           Power      Damage    Failure   Level
a - Beastly Appendage     Tmut           22%        N/A       6%          1

Your spell library contained the following spells:

 Spells                   Type           Power      Damage    Failure   Level
 Wereblood                Tmut           11%        N/A       10%         2
 Shock                    Conj/Air       8%         1d3       19%         1
 Spider Form              Tmut/Pois      6%         N/A       30%         3
 Swiftness                Air            2%         N/A       47%         3
 Ice Form                 Ice/Tmut       6%         N/A       71%         4
 Airstrike                Air            1%         N/A       87%         4


Dungeon Overview and Level Annotations

Branches:
Dungeon (2/15)

Altars:
Zin

Annotations:
D:2 Natasha


Innate Abilities, Weirdness & Mutations

You have temporarily grown beastly horns and talons.
You are too large for most types of armour.
You have tough skin. (AC +1)


Message History

Natasha is almost dead.
You feel less invigorated.
You feel less confused.
Natasha drinks a potion.
Natasha is healed!
You hit Natasha. Your headbutt misses Natasha.
Natasha is lightly wounded.
Natasha zaps a wand.
The puff of flame misses you.
Natasha zaps a wand.
The puff of flame hits you!
The crimson imp blinks!
You hit Natasha but do no damage. Your kick misses Natasha.
Natasha is lightly wounded.
Your horns disappear.
Your talons disappear.
Natasha zaps a wand.
The puff of flame hits you!
You closely miss Natasha.
Natasha is lightly wounded.
Natasha zaps a wand.
The puff of flame hits you!
The crimson imp lashes its tail.
Natasha casts a spell at you.
You feel as though you will be slow longer.
Unknown command.
Casting: Beastly Appendage (safe; 6% risk of failure)
Confirm with . or Enter, or press ? or * to list all spells.
You grow a pair of large bovine horns.
Your feet morph into talons.
The crimson imp disappears in a puff of smoke!
Natasha casts a spell at you. The magic dart hits you!
* * * LOW HITPOINT WARNING * * *
You hit Natasha. Your headbutt misses Natasha.
Natasha is moderately wounded.
Natasha casts a spell.
Natasha claws you.
* * * LOW HITPOINT WARNING * * *
You closely miss Natasha. You claw Natasha, but do no damage.
You headbutt Natasha!
Natasha is almost dead.
Natasha claws you but does no damage. The iron imp barely misses you.
You hit Natasha. You claw Natasha, but do no damage.
Your headbutt misses Natasha.
Natasha is almost dead.
Natasha zaps a wand.
The puff of flame hits you!
You die...

......<..#.###...##..# #.#
.######....# #.......######.#
.### ##...###.###.......##.#
.....###...##..#########.##.# .
#............†..##....##.# .
####............##.##..#.#
.######............##.###.#.#####
...............5.................
##.#############@#############.##
.#.# #h# #.# .#.# #.# #(# .#.#
#.# #.# ##.####.# #.# #.#
........# ... ... ######### ###
###


You could see an iron imp (summoned) and Natasha.

Vanquished Creatures
  Natasha (twice) (D:2)
  2 adders (D:2)
  A worm (D:2)
  A dart slug (D:1)
  4 endoplasms
  A giant cockroach (D:2)
  5 goblins
  3 hobgoblins
  4 quokkas
  2 ball pythons (D:2)
  2 bats (D:1)
  3 frilled lizards
  3 kobolds
  A rat (D:2)
34 creatures vanquished.

Notes
Turn   | Place    | Note
-------+----------+-------------------------------------------
     0 | D:1      | Bruhh the Ogre Transmuter began the quest for the Orb.
     0 | D:1      | Reached XP level 1. HP: 19/19 MP: 3/3
   409 | D:1      | Reached XP level 2. HP: 26/28 MP: 3/5
  1292 | D:1      | Reached XP level 3. HP: 35/35 MP: 5/7
  1696 | D:2      | Found a glowing silver altar of Zin.
  1768 | D:2      | Noticed Natasha
  1774 | D:2      | Killed Natasha
  1775 | D:2      | Reached XP level 4. HP: 31/44 MP: 6/8
  1868 | D:2      | Noticed Natasha
  1877 | D:2      | Killed Natasha
  2251 | D:2      | Found a faded altar of an unknown god.
  2358 | D:2      | Noticed Natasha
  2378 | D:2      | Killed from afar by Natasha

Illustrated notes

Levels and vault maps discovered:
D:1:      dpeg_arrival_tiny_h, layout_loops_ring, item_on_display_a
D:2:      layout_rooms, ebering_ecumenical_altar_box, basic_altar, st_stairs_4,
          roderic_lattice_a, serial_park_tiny_pond, uniq_natasha

Skill      XL: |  1  2  3  4 |
---------------+-------------+-----
Transmutations | 2 |  2.6
Fighting       | 2 3 |  3.1
Unarmed Combat | 3 |  3.3
Spellcasting   | 3 |  3.4
Dodging        | |  1.7

Action                   |  1- 3 |  4- 6 || total
-------------------------+-------+-------++-------
Melee: Unarmed           |    83 |    41 ||   124
       Punch             |     2 |       ||     2
       Headbutt          |     7 |     9 ||    16
       Kick              |     6 |    13 ||    19
 Cast: Beastly Appendage |    17 |     9 ||    26
  Use: Potion            |     1 |     2 ||     3
Armor: Robe              |    17 |     3 ||    20
       Skin              |    25 |       ||    25
Dodge: Dodged            |    28 |     9 ||    37

Table legend: (Time is in decaauts)
 A = Elapsed time spent in this place.
 B = Non-inter-level travel time spent in this place.
 C = Inter-level travel time spent in this place.
 D = Time resting spent in this place.
 E = Time spent auto-exploring this place.
 F = Levels seen in this place.
 G = Mean time per level.
                   A        B        C        D        E       F      G
               +--------+--------+--------+--------+--------+-----+--------+
         Total |   2378 |   2355 |     23 |    343 |   1723 |   2 | 1189.0 |
       Dungeon |   2378 |   2355 |     23 |    343 |   1723 |   2 | 1189.0 |
               +--------+--------+--------+--------+--------+-----+--------+

Top non-repeatable levels by time:
     D:1: 1337 daAuts
     D:2: 1041 daAuts
